AoeStats
← [KMNB] Bandeira

MegaRandom

508138263Analyzed
4v4 RM · 12d ago on Sep 21, 2026· 46m 50s· 8 players
Game mode
Random Map
Map size
Large (8 player)
Population
200
Speed
Normal
Resources
Standard
Victory
Conquest
Starting age
Dark Age
Ending age
Imperial Age
RankedLock teamsTeams togetherTeam positionsShared explorationLock speedFull tech treeHidden civsTurbo modeCheats
Victory
Defeat
🇧🇷 Mongols · Brazil
1601
+8
🇧🇷 Magyars · Brazil
1525
+10
🇧🇷 Vikings · Brazil
1487
+11
🇧🇷 Malians · Brazil
1222
+22
🇨🇦 Vikings · Canada
1409
-14
🇲🇽 Magyars · Mexico
1385
-13
🇲🇽 Bulgarians · Mexico
1373
-12
🇲🇽 Mongols · Mexico
1361
-12
Ux'BorealTulip
6:57 Loom
9:26 Feudal Age
10:18 Double-Bit Axe
13:30 Fletching
18:23 Town Watch
19:20 Padded Archer Armor
23:15 Castle Age
23:58 Bodkin Arrow
25:04 Horse Collar
27:40 Leather Archer Armor
29:14 Bow Saw
30:38 Wheelbarrow
31:19 Ballistics
33:10 Thumb Ring
35:40 Gold Mining
38:15 Hand Cart
39:23 Bloodlines
39:14 Husbandry
39:25 Heavy Plow
41:01 Gold Shaft Mining
40:49 Stone Mining
44:23 Imperial Age
42:14 Scale Barding Armor
44:51 Chain Barding Armor
44:48 Forging
44:30 Elite Konnik
45:47 Plate Barding Armor
45:48 Iron Casting
-=xAtMa44x=-
11:42 Feudal Age
11:02 Loom
12:12 Double-Bit Axe
12:07 Man-at-Arms
13:12 Horse Collar
13:43 Arson
14:36 Scale Mail Armor
14:58 Scale Mail Armor
16:27 Forging
21:27 Castle Age
21:33 Long Swordsman
22:01 Gambesons
22:18 Squires
23:12 Gold Mining
23:00 Pikeman
26:12 Chain Mail Armor
28:29 Iron Casting
38:01 Town Watch
41:36 Imperial Age
40:31 Heavy Plow
41:48 Two-Handed Swordsman
43:23 Plate Mail Armor
45:23 Gold Shaft Mining
44:21 Champion
45:27 Conscription
47:57 Blast Furnace
[JaMx] K@l-El
6:22 Loom
7:05 Loom
9:44 Feudal Age
10:14 Double-Bit Axe
18:02 Scale Barding Armor
19:41 Wheelbarrow
19:25 Bloodlines
22:49 Castle Age
21:17 Gold Mining
21:09 Horse Collar
23:59 Chain Barding Armor
28:41 Husbandry
[JaMx] McLovin
10:28 Feudal Age
9:34 Loom
11:30 Double-Bit Axe
14:01 Fletching
14:12 Padded Archer Armor
14:29 Gold Mining
20:14 Wheelbarrow
22:50 Castle Age
22:16 Horse Collar
23:41 Bodkin Arrow
29:27 Leather Archer Armor
31:27 Husbandry
31:38 Bloodlines
34:46 Ballistics
35:39 Thumb Ring
38:30 Hand Cart
39:31 Gold Shaft Mining
43:22 Imperial Age
[KMNB] Bandeira
7:34 Loom
10:05 Feudal Age
10:40 Double-Bit Axe
10:48 Horse Collar
16:38 Scale Barding Armor
24:22 Castle Age
23:01 Bloodlines
24:25 Light Cavalry
29:04 Chain Barding Armor
34:28 Husbandry
39:38 Bow Saw
41:20 Wheelbarrow
40:50 Gold Mining
46:21 Imperial Age
46:25 Cavalier
[KMNB] RAGNAR
4:35 Loom
10:13 Feudal Age
20:25 Castle Age
19:28 Bloodlines
19:34 Forging
19:31 Scale Barding Armor
19:32 Horse Collar
21:19 Husbandry
22:25 Iron Casting
22:37 Gold Mining
32:33 Wheelbarrow
31:48 Double-Bit Axe
39:45 Bow Saw
40:01 Heavy Plow
42:16 Scale Mail Armor
42:38 Chain Barding Armor
42:09 Fletching
42:19 Padded Archer Armor
41:46 Light Cavalry
43:46 Hand Cart
43:27 Town Watch
47:28 Imperial Age
45:44 Gold Shaft Mining
45:00 Stone Mining
47:38 Chain Mail Armor
[KMNB] Galodoido
8:13 Loom
10:29 Feudal Age
11:23 Double-Bit Axe
13:28 Fletching
17:17 Padded Archer Armor
19:17 Padded Archer Armor
25:26 Castle Age
23:31 Gold Mining
25:29 Crossbowman
26:06 Bodkin Arrow
27:28 Leather Archer Armor
31:27 Bow Saw
32:02 Ballistics
36:28 Horse Collar
37:25 Gold Shaft Mining
40:43 Imperial Age
38:56 Heavy Plow
40:56 Stone Mining
40:51 Arbalester
41:59 Bracer
44:16 Two-Man Saw
45:19 Treadmill Crane
46:10 Ring Archer Armor
47:39 Chemistry
47:12 Crop Rotation
Fs.Khronos
4:54 Loom
8:44 Feudal Age
9:24 Double-Bit Axe
14:09 Fletching
18:22 Padded Archer Armor
23:06 Castle Age
22:22 Gold Mining
23:13 Horse Collar
23:51 Bodkin Arrow
24:21 Bow Saw
25:30 Ballistics
27:18 Heavy Plow
32:31 Wheelbarrow
33:03 Husbandry
33:54 Bloodlines
43:47 Imperial Age
42:00 Hand Cart
41:30 Town Watch
43:27 Leather Archer Armor
44:30 Thumb Ring
44:30 Bracer
45:32 Chemistry
44:02 Capped Ram
46:25 Gold Shaft Mining
45:40 Stone Mining
45:54 Town Patrol
46:17 Conscription
46:37 Parthian Tactics
Connection lost

Rejoining the realm…

Still unreachable

The connection could not be restored.

Session expired

The server has moved on; the page needs a fresh start.